Unix NetHack Version 5.0.0-0 post-release - last build Jun 10 2026 00:39:30 (3ee93aec679c4c4259841fe613dc97188e26a321,branch:main).

Game began 2026-06-21 22:43:23, ended 2026-06-21 22:59:01.

Borange, neutral male human Wizard

                             -----
                            #-...|            -------
                            #|....#           |......#    ---------
                            #|...|#           |....>|#    |.......|
                +           #|...|###         |....(|#    |.......|
                |.          #-----  ##        --.----#####|.......|
                 d          #        ##      ####      ###-.......-####
                 #@###      #         #      #         # #---------   #
                     ###    ##        ##     #                        #
                       ###   #         #     #                        #
                         ### #         #     #                   ######   ----
                     ------|-#         #   --|-------           #######   |<.|
                     |......|#         ####|........|               ##    ...|
                     |.......#            #|...._...+               ##    |..|
                     |......|             #.........|               ##*#  |(.|
                     --------              |........|               #   ##-..|
                                           ----------                     ----

Borange the Conjurer      St:12 Dx:15 Co:15 In:18 Wi:8 Ch:7  Neutral
Dlvl:3  $:53 HP:0(27) Pw:9(19) AC:8  Xp:3 T:1304  Burdened

Latest messages:
 There is a black flash as a gray stone hits the altar.
 y - 8 uncursed arrows.
 u - 10 uncursed arrows.
 G - 5 uncursed darts.
 s - a cursed dagger named C.
 You have a little trouble lifting an uncursed chain mail named U.  Continue? [ynq] (q)
 You have a little trouble lifting F - an uncursed chain mail named U.
 E - an uncursed unlabeled scroll named U.
 w - a cursed scroll of identify.
 x - an uncursed spellbook of confuse monster.
 A - a cursed murky potion.
 t - an uncursed zinc wand named U.
 q - a cursed looking glass.
 v - a cursed lock pick.
 C - a cursed gray stone.
 Your movements are slowed slightly because of your load.
 In what direction?
 Never mind.
 You stop.  Perci is in the way!
 The door opens.
 You swap places with Perci.
 You see here 16 gold pieces.
 You have a little trouble lifting $ - 16 gold pieces (53 in total).
 You swap places with Perci.
 This door is locked.
 Unlock it with your lock pick? [ynq] (q)
 You succeed in picking the lock.
 The door opens.
 You swap places with Perci.
 You stop.  Perci is in the way!
 You swap places with Perci.
 The little dog bites!
 The little dog bites!
 You miss the little dog.
 The little dog bites!
 The little dog bites!
 In what direction?
 The spell misses the little dog.
 The little dog bites!
 The little dog bites!
 In what direction?
 The spell hits the little dog!
 The little dog bites!
 The little dog bites!
 You die...
 Do you want your possessions identified? [ynq] (y)
 Do you want to see your attributes? [ynq] (y)
 Do you want an account of creatures vanquished? [ynaq] (y)
 Do you want to see your conduct and achievements? [ynq] (y)
 Do you want to see the dungeon overview? [ynq] (y)

Inventory:
 Coins    ('$')
  $ - 53 gold pieces
 Weapons  (')')
  u - 10 +1 arrows
  y - 8 +0 arrows
  p - 9 cursed +0 arrows
  G - 5 +3 darts
  s - a cursed +0 dagger named C
  a - a blessed +1 quarterstaff (weapon in hands)
 Armor    ('[')
  z - an uncursed +0 orcish helm named U (being worn)
  B - an uncursed rotted +0 pair of low boots named U (being worn)
  b - an uncursed +0 cloak of magic resistance (being worn)
  F - an uncursed +0 chain mail named U
 Scrolls  ('?')
  E - an uncursed scroll of blank paper named U
  k - a blessed scroll of identify
  w - a cursed scroll of identify
  j - a blessed scroll of remove curse
  i - an uncursed scroll of teleportation
 Spellbooks  ('+')
  x - an uncursed spellbook of confuse monster
  m - an uncursed spellbook of create monster
  l - a blessed spellbook of force bolt
 Potions  ('!')
  h - an uncursed potion of gain energy
  A - a cursed potion of healing
  g - an uncursed potion of monster detection
  f - an uncursed potion of object detection
 Rings    ('=')
  e - a blessed +1 ring of increase accuracy
  d - an uncursed ring of see invisible
 Wands    ('/')
  c - a wand of create monster (0:13)
  t - a wand of opening named U (0:4)
 Tools    ('(')
  o - an uncursed blindfold
  v - a cursed lock pick
  n - a magic marker (0:20)
  q - a cursed mirror
 Gems/Stones  ('*')
  C - a cursed flint stone
  D - 22 uncursed rocks (in quiver pouch)

Borange the Wizard's attributes:

Background:
 You were a Conjurer, a level 3 male human Wizard.
 You were neutral, on a mission for Thoth
 who was opposed by Ptah (lawful) and Anhur (chaotic).
 You were right-handed.
 You were in the Dungeons of Doom, on level 3.
 You entered the dungeon 1304 turns ago.
 It was nighttime.
 You had 51 experience points, 29 more were needed to attain level 4.

Basics:
 You had 0 out of 27 hit points.
 You had 9 out of 19 energy points (spell power).
 Your armor class was 8.
 Your wallet contained 53 zorkmids.
 Autopickup was off.

Final Characteristics:
 Your strength was 12 (limit:18/100).
 Your dexterity was 15 (limit:18).
 Your constitution was 15 (limit:18).
 Your intelligence was 18 (limit:18).
 Your wisdom was 8 (limit:18).
 Your charisma was 7 (limit:18).

Final Status:
 You weren't hungry.
 You were burdened; movement was slightly slowed.
 You were wielding a quarterstaff.
 You had basic skill with quarterstaff.

Final Attributes:
 You were fervently aligned.
 You were magic-protected.
 You were warded.
 You are dead.

Miscellaneous:
 You didn't encounter any bones levels.
 Total elapsed playing time was 15 minutes and 36 seconds.

Major events:
 Turn
    1: Borange the neutral male human Wizard entered the dungeon
  733: attained the rank of Conjurer (level 3)
 1304: killed by a little dog

Spells:
 Name                 Level Category     Fail Retention
 force bolt             1   attack         0%  91%-100%
 create monster         2   clerical      57%  76%-100%
 confuse monster        1   enchantment    0%  91%-100%

Skills:
 Fighting Skills
   bare handed combat [Unskilled]
   riding             [Unskilled]
 Weapon Skills
   dagger             [Unskilled]
   knife              [Unskilled]
   axe                [Unskilled]
   short sword        [Unskilled]
   club               [Unskilled]
   mace               [Unskilled]
   quarterstaff       [Basic]
   polearms           [Unskilled]
   spear              [Unskilled]
   trident            [Unskilled]
   sling              [Unskilled]
   dart               [Unskilled]
   shuriken           [Unskilled]
 Spellcasting Skills
   attack spells      [Basic]
   healing spells     [Unskilled]
   divination spells  [Unskilled]
   enchantment spells [Basic]
   clerical spells    [Unskilled]
   escape spells      [Unskilled]
   matter spells      [Unskilled]

Voluntary challenges:
 Character rerolling was not enabled.
 You never genocided any monsters.
 You never polymorphed an object.
 You never changed form.
 You used no wishes.
Achievements:
 You entered a shop.
 You attained the rank of Conjurer.

 The Dungeons of Doom: levels 1 to 3
    Level 1:
    Level 2:
       A food shop.
    Level 3: <- You were here.
       An altar, many trees.
       Final resting place for
          you, killed by a little dog.


Vanquished creatures:
  a coyote
  a large kobold
  3 giant rats
  a yellow mold
  a jackal
  a fox
  2 kobolds
  a goblin
  3 sewer rats
  2 grid bugs
  5 lichens
  a kobold zombie
22 creatures vanquished.

No species were genocided or became extinct.

Game over:
                       ----------
                      /          \
                     /    REST    \
                    /      IN      \
                   /     PEACE      \
                  /                  \
                  |     Borange      |
                  |      53 Au       |
                  |   killed by a    |
                  |    little dog    |
                  |                  |
                  |                  |
                  |       2026       |
                 *|     *  *  *      | *
        _________)/\\_//(\/(/\)/\//\/|_)_______

Goodbye Borange the Wizard...

You died in The Dungeons of Doom on dungeon level 3 with 352 points,
and 53 pieces of gold, after 1304 moves.
You were level 3 with a maximum of 27 hit points when you died.

